 Dungeon Crawl Stone Soup version 0.30.0-29-ga12c61a403 (webtiles) character file.

Game seed: 9969311856337894229

4719 qw the Cleaver (level 10, 0/63 HPs)
             Began as a Gargoyle Fighter on June 4, 2023.
             Was a Follower of Okawaru.
             Slain by an orc wizard
             ... wielding a +0 dagger
              (3 damage)
             ... on level 8 of the Dungeon.
             The game lasted 00:04:54 (8422 turns).

qw the Cleaver (Gargoyle Fighter)                   Turns: 8422, Time: 00:04:55

Health: 0/63       AC: 24    Str: 23    XL:     10   Next: 45%
Magic:  12/13      EV:  8    Int: 10    God:    Okawaru [*.....]
Gold:   1293       SH:  6    Dex:  9    Spells: 9/9 levels left

rFire   + . .        Y - +1 war axe
rCold   + . .        c - +0 buckler
rNeg    + . .        o - +0 plate armour
rPois   inf          i - +0 helmet
rElec   +            m - scarf {rC+ rF+}
rCorr   .            (no gloves)
SInv    +            (no boots)
Will    +....        (no amulet) Stlth
                     j - ring of willpower
HPRegen 0.30/turn    r - ring of see invisible
MPRegen 0.13/turn

%: no passive effects
@: about to teleport, heroic
A: sickness immunity, AC +7, negative energy resistance 1, electricity
resistance, torment resistance 1, petrification resistance
a: Renounce Religion, Heroism


You were on level 8 of the Dungeon.
You worshipped Okawaru.
Okawaru was aware of your devotion.
You visited 2 branches of the dungeon, and saw 9 of its levels.

You collected 1423 gold pieces.
You spent 130 gold pieces at shops.


Innate Abilities, Weirdness & Mutations

You are immune to sickness and miasma.
Your stone body is resilient. (AC +7)
You are immune to poison.
You resist negative energy. (rN+)
You are resistant to electric shocks. (rElec)
You are resistant to unholy torment.
You are immune to petrification.


   Skills:
 + Level 7.3(12.3) Fighting
 - Level 10.0(15.0) Axes
 - Level 1.9(6.9) Throwing
 - Level 7.5(12.5) Armour
 - Level 1.0(6.0) Dodging
 - Level 5.4(10.4) Shields
 - Level 4.0 Invocations


You had 9 spell levels left.
You didn't know any spells.
Your spell library was empty.

Inventory:

Hand Weapons
 v - a +0 morningstar
 Y - a +1 war axe (weapon)
Armour
 c - a +0 buckler (worn)
 i - a +0 helmet (worn)
 m - a scarf of resistance (worn)
 n - a +2 scale mail of cold resistance
 o - a +0 plate armour (worn)
Jewellery
 f - a ring of resist corrosion
 j - a ring of willpower (left hand)
 l - a ring of ice
 r - a ring of see invisible (right hand)
Scrolls
 a - a scroll of identify
Potions
 b - 2 potions of lignification
 d - a potion of might
 e - 2 potions of attraction
 g - 3 potions of curing
 q - a potion of cancellation
 t - a potion of haste

Dungeon Overview and Level Annotations

Branches:
Dungeon (8/15)             Temple (1/1) D:5
   Lair: D:8-11

Altars:
Ashenzari
Cheibriados
Dithmenos
Elyvilon
Fedhas
Gozag
Hepliaklqana
Kikubaaqudgha
Nemelex Xobeh
Okawaru
Qazlal
Ru
Sif Muna
Trog
Uskayaw
Vehumet
Wu Jian
Xom
Yredelemnul
Zin
The Shining One

Shops:
D:2 (*:(:   D:5 *((

Annotations:
D:5 3 runed translucent doors, qw's ghost, novice GrFi
D:8 exclusion: 5 jellies


Message History

The orc priest calls down the wrath of Beogh upon you.
Beogh smites you! The orc wizard closely misses you.
You barely miss the orc wizard.
The orc wizard is moderately wounded.
You hit the orc priest.
The orc priest miscasts a cantrip.
You hit the orc priest.
The orc priest is severely wounded.
You slash the orc!
You kill the orc!
Okawaru accepts your kill.
You hit the wight.
You hit the orc wizard but do no damage.
The wight unwields a +0 arbalest.
The wight wields a +3 war axe.
The wight hits you but does no damage.
The orc priest mumbles some strange prayers to Beogh against you.
Beogh smites you! The orc wizard barely misses you.
8419 ||| READING scroll of teleportation.
As you read the scroll of teleportation, it crumbles to dust.
You feel strangely unstable.
The orc wizard hits you with a +0 dagger.
The orc wizard hits you but does no damage.
An orc priest comes into view. It is wielding a +0 whip.
The orc priest hits you but does no damage.
You barely miss the orc priest.
The orc priest is severely wounded.
You hit the orc wizard. You slash the wight! You closely miss the orc wizard.
The wight closely misses you.
You slash the wight!
You destroy the wight!
Okawaru accepts your kill.
You hit the orc wizard. You closely miss the orc wizard.
You hit the orc priest.
The orc wizard hits you but does no damage. x2
The orc priest hits you but does no damage.
You barely miss the orc priest.
The orc priest is almost dead.
You hit the orc wizard. You barely miss the orc wizard.
The orc wizard hits you but does no damage.
The orc wizard hits you with a +0 dagger.
You die...

#.. #.#.## ####....#
...[#..# #..#..# .o...
###### #))# #.(...
.#####o@###########.####
.....>oo.....)..........
#############.......###.
#.......#...
#.......#...
#..........#
#......##..#
#..>...##..#
#......'....


You could see 2 orc priests and 2 orc wizards.

Vanquished Creatures
  Erica (D:8)
  Pikel (D:8)
  An ugly thing (D:8)
  Joseph (D:7)
  Psyche (D:8)
  2 steam dragons
  Edmund (D:6)
  2 orc warriors
  An ogre (D:7)
  4 centaurs
  2 kobold brigands
  2 phantoms
  2 bullfrogs
  3 scorpions
  5 wights (D:8)
  2 howler monkeys (D:6)
  2 jellies
  3 orc priests
  3 hounds
  A gnoll bouda (D:6)
  5 iguanas
  5 orc wizards
  10 gnolls
  3 adders
  2 shadow imps
  4 white imps
  4 ufetubi (D:5)
  3 worms
  A dart slug (D:1)
  18 orcs
  6 bats
  5 endoplasms
  A giant cockroach (D:2)
  5 goblins
  4 hobgoblins
  2 quokkas (D:4)
  9 ball pythons
  4 frilled lizards
  13 kobolds
  4 rats
148 creatures vanquished.

Notes
Turn   | Place    | Note
-------+----------+-------------------------------------------
     0 | D:1      | qw the Gargoyle Fighter began the quest for the Orb.
     0 | D:1      | Reached XP level 1. HP: 14/14 MP: 1/1
     0 | D:1      | 0 ||| qw: Version: 0.2-a-106-g05974ce
     0 | D:1      | 0 ||| qw: Game counter: 1144
     0 | D:1      | 0 ||| qw: Always use a shield: true
     0 | D:1      | 0 ||| qw: God list: Okawaru
     0 | D:1      | 0 ||| qw: Allow faded altars: false
     0 | D:1      | 0 ||| qw: Do Orc after D:15 true
     0 | D:1      | 0 ||| qw: Do second Lair branch before Depths: true
     0 | D:1      | 0 ||| qw: Lair rune preference: random
     0 | D:1      | 0 ||| qw: Plans: Normal, Zot:1-4, Slime:5, God:TSO, Crypt,
                  | Tomb, Abyss, Pan, Hells, Win
     0 | D:1      | 0 ||| PLANNING D:1-11
   251 | D:1      | Reached skill level 2 in Axes
   285 | D:1      | 285 ||| DROPPING +0 club.
   422 | D:1      | Reached XP level 2. HP: 15/19 MP: 2/2
   663 | D:1      | 663 ||| DROPPING +3 leather armour.
   664 | D:1      | 664 ||| UPGRADING to ring of willpower.
   665 | D:1      | 665 ||| READING 2 scrolls labelled TAOCKY QUA.
   666 | D:1      | 666 ||| READING scroll labelled QOROUPP OCILU.
   667 | D:1      | 667 ||| READING 4 scrolls labelled UREDWAMUUSM.
   670 | D:1      | 670 ||| READING scroll labelled SYONIXTEMEI.
   707 | D:2      | 707 ||| Stepping ~*~*~tactically~*~*~ (hiding).
   709 | D:2      | 709 ||| Stepping ~*~*~tactically~*~*~ (hiding).
   711 | D:2      | Found a hazy altar of Hepliaklqana.
   822 | D:2      | Found Hatisaid's Weapon Shop.
   828 | D:2      | 828 ||| SHOPLISTING +0 heavy war axe (116 gold, have 61).
   828 | D:2      | 828 ||| SHOPLISTING +9 flail "Toxet" {spect, Drain rElec
                  | Int+2} (928 gold, have 61).
   912 | D:2      | Reached skill level 3 in Axes
   912 | D:2      | Reached XP level 3. HP: 23/23 MP: 3/3
   912 | D:2      | 912 ||| Stepping ~*~*~tactically~*~*~ (hiding).
   916 | D:2      | 916 ||| Stepping ~*~*~tactically~*~*~ (hiding).
  1027 | D:2      | 1027 ||| Stepping ~*~*~tactically~*~*~ (stealth).
  1058 | D:2      | Found Aweumiv's General Store.
  1063 | D:2      | Identified the +6 long sword of the Dripping Scavenger
                  | {spect, Fragile rN++ SInv}
  1069 | D:2      | 1069 ||| BUYING potion of attraction (33 gold).
  1069 | D:2      | Bought a potion of attraction for 33 gold pieces
  1069 | D:2      | 1069 ||| SHOPLISTING potion of cancellation (88 gold, have
                  | 36).
  1069 | D:2      | 1069 ||| BUYING potion of curing (33 gold).
  1069 | D:2      | Bought a potion of curing for 33 gold pieces
  1069 | D:2      | 1069 ||| SHOPLISTING potion of magic (88 gold, have 3).
  1069 | D:2      | 1069 ||| SHOPLISTING scroll of identify (22 gold, have 3).
  1171 | D:2      | Found Juycoiw's Book Shop.
  1398 | D:2      | Found Zorycuos's Antique Weapon Shop.
  1402 | D:2      | 1402 ||| SHOPLISTING runed whip (88 gold, have 14).
  1566 | D:2      | Found Retoq's Book Shop.
  1586 | D:2      | 1586 ||| UPGRADING to +4 ring mail.
  1596 | D:2      | 1596 ||| DROPPING +0 scale mail.
  1597 | D:2      | 1597 ||| UPGRADING to +0 helmet.
  1602 | D:2      | 1602 ||| UPGRADING to scarf of resistance.
  1607 | D:2      | 1607 ||| READING scroll labelled MUCWUE CEON.
  1804 | D:3      | 1804 ||| Stepping ~*~*~tactically~*~*~ (stealth).
  1845 | D:3      | 1845 ||| Stepping ~*~*~tactically~*~*~ (stealth).
  1847 | D:3      | 1847 ||| Stepping ~*~*~tactically~*~*~ (stealth).
  1850 | D:3      | 1850 ||| Stepping ~*~*~tactically~*~*~ (stealth).
  1854 | D:3      | Reached XP level 4. HP: 28/28 MP: 4/4
  2116 | D:3      | 2116 ||| Stepping ~*~*~tactically~*~*~ (stealth).
  2122 | D:3      | Reached skill level 4 in Axes
  2351 | D:3      | 2351 ||| UPGRADING to ring of see invisible.
  2352 | D:3      | 2352 ||| READING scroll labelled EKAOBA DEOREKHLIGRI.
  2353 | D:3      | 2353 ||| READING scroll labelled SAUT KUIZYSA.
  2354 | D:3      | 2354 ||| DRINKING 2 smoky yellow potions.
  2381 | D:3      | 2381 ||| DRINKING 2 orange potions.
  2382 | D:3      | 2382 ||| READING 2 scrolls of identify.
  2382 | D:3      | 2382 ||| IDENTIFYING blue potion
  2383 | D:3      | 2383 ||| DROPPING potion of ambrosia.
  2494 | D:4      | Found a shadowy altar of Dithmenos.
  2518 | D:4      | 2518 ||| Stepping ~*~*~tactically~*~*~ (hiding).
  2764 | D:4      | Reached XP level 5. HP: 30/32 MP: 5/5
  2881 | D:4      | Reached skill level 5 in Axes
  2950 | D:4      | 2950 ||| DROPPING +0 mace.
  3247 | D:4      | 3247 ||| UPGRADING to +2 scale mail of cold resistance.
  3257 | D:4      | 3257 ||| DROPPING +4 ring mail.
  3258 | D:4      | 3258 ||| DRINKING 2 green potions.
  3259 | D:4      | 3259 ||| DRINKING 2 smoky black potions.
  3260 | D:4      | 3260 ||| DRINKING 2 murky golden potions.
  3261 | D:4      | 3261 ||| DROPPING potion of flight.
  3319 | D:5      | Entered Level 5 of the Dungeon
  3326 | D:5      | Reached XP level 6. HP: 38/38 MP: 6/6
  3335 | D:5      | Found Onetwuol's General Store.
  3354 | D:5      | 3354 ||| Stepping ~*~*~tactically~*~*~ (stealth).
  3357 | D:5      | 3357 ||| SHOPLISTING +0 plate armour (276 gold, have 147).
  3357 | D:5      | 3357 ||| BUYING scroll of identify (24 gold).
  3357 | D:5      | Bought a scroll of identify for 24 gold pieces
  3366 | D:5      | Reached skill level 1 in Dodging
  3388 | D:5      | 3388 ||| Stepping ~*~*~tactically~*~*~ (hiding).
  3391 | D:5      | 3391 ||| Stepping ~*~*~tactically~*~*~ (hiding).
  3508 | D:5      | Reached skill level 1 in Throwing
  3508 | D:5      | Reached XP level 7. HP: 35/43 MP: 7/7
  3659 | D:5      | 3659 ||| Stepping ~*~*~tactically~*~*~ (hiding).
  3660 | D:5      | 3660 ||| Stepping ~*~*~tactically~*~*~ (hiding).
  3661 | D:5      | 3661 ||| Stepping ~*~*~tactically~*~*~ (hiding).
  3662 | D:5      | 3662 ||| Stepping ~*~*~tactically~*~*~ (hiding).
  3664 | D:5      | 3664 ||| Stepping ~*~*~tactically~*~*~ (hiding).
  3665 | D:5      | 3665 ||| Stepping ~*~*~tactically~*~*~ (hiding).
  3667 | D:5      | 3667 ||| Stepping ~*~*~tactically~*~*~ (hiding).
  3690 | D:5      | Noticed qw's ghost (novice GrFi)
  3691 | D:5      | Found a runed translucent gate.
  3691 | D:5      | Found a runed translucent gate.
  3691 | D:5      | Found a runed translucent gate.
  3696 | D:5      | 3696 ||| Stepping ~*~*~tactically~*~*~ (hiding).
  3699 | D:5      | 3699 ||| Stepping ~*~*~tactically~*~*~ (hiding).
  3703 | D:5      | 3703 ||| Stepping ~*~*~tactically~*~*~ (hiding).
  3774 | D:5      | Found a staircase to the Ecumenical Temple.
  3775 | D:5      | 3775 ||| PLANNING TEMPLE
  3775 | D:5      | 3775 ||| READING scroll labelled JESHEA NUOTI.
  3776 | D:5      | 3776 ||| READING 2 scrolls of identify.
  3776 | D:5      | 3776 ||| IDENTIFYING fuming white potion
  3777 | D:5      | 3777 ||| DROPPING potion of brilliance.
  3786 | Temple   | Entered the Ecumenical Temple
  3930 | Temple   | 3930 ||| PLANNING OKAWARU WORSHIP
  3963 | Temple   | Became a worshipper of Warmaster Okawaru
  3963 | Temple   | 3963 ||| PLANNING D:1-11
  4009 | D:5      | 4009 ||| FLEEEEING.
  4030 | D:5      | 4030 ||| FLEEEEING.
  4084 | D:5      | 4084 ||| FLEEEEING.
  4130 | D:5      | 4130 ||| FLEEEEING.
  4161 | D:5      | 4161 ||| FLEEEEING.
  4191 | D:5      | Reached skill level 6 in Axes
  4480 | D:5      | Found Mikhig's Weapon Boutique.
  4488 | D:5      | 4488 ||| BUYING +0 morningstar (40 gold).
  4488 | D:5      | Bought a +0 morningstar for 40 gold pieces
  4488 | D:5      | 4488 ||| DROPPING +0 flail.
  4542 | D:5      | Found Gaenon's Weapon Shop.
  4594 | D:5      | 4594 ||| DROPPING amulet of magic regeneration.
  4595 | D:5      | 4595 ||| READING scroll labelled ZIGAFR BOIM.
  4596 | D:5      | 4596 ||| READING scroll labelled TYUTTE ODOERGH.
  4630 | D:6      | 4630 ||| STAIRDANCE
  4717 | D:6      | 4717 ||| STAIRDANCE
  4818 | D:6      | Identified the +9 dagger "Ranup" {protect, rCorr Str+2
                  | Int+2}
  4870 | D:6      | Reached skill level 7 in Axes
  4878 | D:6      | 4878 ||| Stepping ~*~*~tactically~*~*~ (stealth).
  4884 | D:6      | 4884 ||| Stepping ~*~*~tactically~*~*~ (hiding).
  4908 | D:6      | HP: 7/44 [bullfrog (7)]
  4909 | D:6      | 4909 ||| READING 5 scrolls of teleportation.
  4910 | D:6      | 4910 ||| DRINKING 3 potions of heal wounds.
  5001 | D:6      | 5001 ||| Stepping ~*~*~tactically~*~*~ (stealth).
  5005 | D:6      | 5005 ||| Stepping ~*~*~tactically~*~*~ (stealth).
  5017 | D:6      | Reached XP level 8. HP: 34/49 MP: 8/8
  5088 | D:6      | Noticed Edmund
  5098 | D:6      | Killed Edmund
  5098 | D:6      | Reached * piety under Okawaru
  5205 | D:6      | 5205 ||| Stepping ~*~*~tactically~*~*~ (stealth).
  5281 | D:6      | 5281 ||| Stepping ~*~*~tactically~*~*~ (stealth).
  5283 | D:6      | 5283 ||| INVOKING Heroism.
  5284 | D:6      | 5284 ||| INVOKING Heroism.
  5287 | D:6      | Reached skill level 1 in Invocations
  5516 | D:6      | 5516 ||| INVOKING Heroism.
  5552 | D:6      | 5552 ||| UPGRADING to +3 chain mail.
  5562 | D:6      | 5562 ||| UPGRADING to +0 plate armour.
  5572 | D:6      | 5572 ||| DROPPING +3 chain mail.
  5573 | D:6      | 5573 ||| READING scroll labelled NAUT SUAJUARRAEZO.
  5573 | D:6      | Identified a scroll of acquirement
  5573 | D:6      | 5573 ||| ACQUIRING 1038 gold pieces
  5573 | D:6      | Acquired 1038 gold pieces
  5632 | D:7      | 5632 ||| PLANNING OSSUARY
  5634 | D:7      | 5634 ||| Stepping ~*~*~tactically~*~*~ (hiding).
  5711 | D:7      | Noticed Joseph
  5712 | D:7      | 5712 ||| Stepping ~*~*~tactically~*~*~ (hiding).
  5713 | D:7      | 5713 ||| Stepping ~*~*~tactically~*~*~ (hiding).
  5714 | D:7      | 5714 ||| Stepping ~*~*~tactically~*~*~ (hiding).
  5723 | D:7      | 5723 ||| INVOKING Heroism.
  5727 | D:7      | HP: 12/49 [Joseph/+0 quarterstaff (12)]
  5728 | D:7      | 5728 ||| READING 4 scrolls of teleportation.
  5730 | D:7      | HP: 5/49 [Joseph/+0 quarterstaff (8)]
  5731 | D:7      | 5731 ||| DRINKING 2 potions of heal wounds.
  5825 | D:7      | Reached skill level 3 in Invocations
  5845 | D:7      | 5845 ||| Stepping ~*~*~tactically~*~*~ (hiding).
  5848 | D:7      | 5848 ||| Stepping ~*~*~tactically~*~*~ (hiding).
  5886 | D:7      | 5886 ||| Stepping ~*~*~tactically~*~*~ (stealth).
  5895 | D:7      | 5895 ||| Stepping ~*~*~tactically~*~*~ (stealth).
  5902 | D:7      | 5902 ||| INVOKING Heroism.
  5921 | D:7      | 5921 ||| INVOKING Heroism.
  5993 | D:7      | Found a sand-covered staircase.
  6047 | D:7      | Reached skill level 8 in Axes
  6067 | D:7      | Found a white marble altar of Elyvilon.
  6085 | D:7      | 6085 ||| Stepping ~*~*~tactically~*~*~ (stealth).
  6188 | D:7      | 6188 ||| Stepping ~*~*~tactically~*~*~ (hiding).
  6189 | D:7      | 6189 ||| Stepping ~*~*~tactically~*~*~ (hiding).
  6190 | D:7      | 6190 ||| Stepping ~*~*~tactically~*~*~ (hiding).
  6194 | D:7      | 6194 ||| INVOKING Heroism.
  6324 | D:7      | 6324 ||| RIP OSSUARY
  6410 | D:7      | 6410 ||| PLANNING D:1-11
  6491 | D:7      | Reached skill level 6 in Fighting
  6491 | D:7      | Reached XP level 9. HP: 55/55 MP: 12/12
  6559 | D:7      | 6559 ||| Stepping ~*~*~tactically~*~*~ (stealth).
  6561 | D:7      | 6561 ||| Stepping ~*~*~tactically~*~*~ (stealth).
  6563 | D:7      | 6563 ||| Stepping ~*~*~tactically~*~*~ (hiding).
  6564 | D:7      | 6564 ||| INVOKING Heroism.
  6739 | D:7      | 6739 ||| INVOKING Heroism.
  6961 | D:7      | 6961 ||| Stepping ~*~*~tactically~*~*~ (stealth).
  6963 | D:7      | 6963 ||| Stepping ~*~*~tactically~*~*~ (hiding).
  6969 | D:7      | 6969 ||| INVOKING Heroism.
  6979 | D:7      | HP: 12/55 [Joseph/+0 quarterstaff (4)]
  6980 | D:7      | 6980 ||| READING 3 scrolls of teleportation.
  6981 | D:7      | 6981 ||| DRINKING potion of heal wounds.
  7105 | D:7      | 7105 ||| FLEEEEING.
  7116 | D:7      | 7116 ||| FLEEEEING.
  7117 | D:7      | 7117 ||| FLEEEEING.
  7118 | D:7      | 7118 ||| FLEEEEING.
  7119 | D:7      | 7119 ||| FLEEEEING.
  7120 | D:7      | 7120 ||| Stepping ~*~*~tactically~*~*~ (hiding).
  7126 | D:7      | 7126 ||| INVOKING Heroism.
  7133 | D:7      | Killed Joseph
  7134 | D:7      | Reached skill level 9 in Axes
  7193 | D:7      | 7193 ||| READING 2 scrolls of identify.
  7193 | D:7      | 7193 ||| IDENTIFYING viscous cyan potion
  7194 | D:7      | 7194 ||| DROPPING potion of degeneration.
  7236 | D:8      | Noticed a brown ugly thing
  7245 | D:8      | 7245 ||| INVOKING Heroism.
  7253 | D:8      | Killed a brown ugly thing
  7341 | D:8      | Found a broken altar of Ashenzari.
  7422 | D:8      | 7422 ||| INVOKING Heroism.
  7541 | D:8      | 7541 ||| INVOKING Heroism.
  7564 | D:8      | 7564 ||| INVOKING Heroism.
  7624 | D:8      | Noticed Erica
  7625 | D:8      | 7625 ||| INVOKING Heroism.
  7630 | D:8      | HP: 5/57 [Erica/lance of force (24)]
  7631 | D:8      | 7631 ||| READING 2 scrolls of teleportation.
  7853 | D:8      | 7853 ||| Stepping ~*~*~tactically~*~*~ (hiding).
  7855 | D:8      | 7855 ||| Stepping ~*~*~tactically~*~*~ (hiding).
  7884 | D:8      | Killed Erica
  7885 | D:8      | Reached XP level 10. HP: 31/63 MP: 13/13
  7885 | D:8      | 7885 ||| INVOKING Heroism.
  7890 | D:8      | Noticed Pikel
  7906 | D:8      | Killed Pikel
  7921 | D:8      | Noticed Psyche
  7922 | D:8      | 7922 ||| Stepping ~*~*~tactically~*~*~ (stealth).
  7923 | D:8      | 7923 ||| Stepping ~*~*~tactically~*~*~ (stealth).
  7945 | D:8      | 7945 ||| INVOKING Heroism.
  7968 | D:8      | Killed Psyche
  8334 | D:8      | Found a radiant altar of Vehumet.
  8413 | D:8      | 8413 ||| INVOKING Heroism.
  8416 | D:8      | Reached skill level 10 in Axes
  8418 | D:8      | HP: 4/63 [orc priest/divine providence (13)]
  8419 | D:8      | 8419 ||| READING scroll of teleportation.
  8422 | D:8      | Slain by an orc wizard

Levels and vault maps discovered:
D:1:      dpeg_arrival_shelter, layout_basic, minmay_pentomino_w4
D:2:      layout_basic, basic_altar, serial_shops, shop_fountains,
          nicolae_shop_tiny_waterfront, shop, nicolae_shop_hallway_stairs,
          nicolae_shop_pleasant_corner_grove, dreamdust_mushroom_princess,
          hex_intersection, kennysheep_generic_room_7
D:3:      layout_basic
D:4:      layout_cave_pods, mainiacjoe_overflow_surrounded_room,
          grunt_ministairs_3
D:5:      cheibrodos_quashed, layout_basic, temple_statues, serial_demonic,
          serial_demonic_d, serial_demonic_d, serial_demonic_c,
          serial_demonic_d, gammafunk_ghost_split, serial_shops, shop_fountains,
          shop, nicolae_shop_bloodbath_and_beyond, kb_lookout_dungeons_type
D:6:      layout_basic, amcnicky_mini_rare_corridor_liquid, uniq_edmund
D:7:      layout_gridville, mainiacjoe_overflow_tiny_flanked,
          nicolae_ossuary_entry_false_entrances, grunt_ogre_cave,
          grunt_ministairs_5, minmay_misc_feat_pillars, uniq_joseph
D:8:      layout_basic, nicolae_overflow_crystal_walls,
          mainiacjoe_overflow_brackets, uniq_erica, uniq_psyche, uniq_pikel
Temple:   bh_familiar_temple

Skill      XL: |  1  2  3  4  5  6  7  8  9 10 |
---------------+-------------------------------+-----
Axes           | 2 3 4 5 7 8 9 10 | 10.0
Fighting       | 4 5 6 7 |  7.3
Dodging        | 1 |  1.0
Throwing       | 1 |  1.9
Invocations    | 4 |  4.0
Armour         | 4 7 |  7.5
Shields        | 5 |  5.4

Action                     |  1- 3 |  4- 6 |  7- 9 | 10-12 || total
---------------------------+-------+-------+-------+-------++-------
  Melee: War axe           |   114 |   104 |   332 |    52 ||   602
  Throw: Boomerang         |       |     8 |    24 |       ||    32
 Invoke: Heroism           |       |       |    15 |     3 ||    18
    Use: Scroll            |     5 |     3 |    10 |     1 ||    19
         Potion            |       |     5 |     3 |       ||     8
 Armour: Scale mail        |    40 |    30 |    69 |       ||   139
         Ring mail         |     5 |    22 |       |       ||    27
         Plate armour      |       |       |    94 |    27 ||   121
  Dodge: Dodged            |    50 |    49 |   126 |    10 ||   235
  Block: Buckler           |    29 |    17 |    65 |    14 ||   125

Table legend:
 A = Non-vault XP
 B = Vault XP
 C = Vault XP percentage of total XP
 D = Non-vault monster count
 E = Vault monster count
 F = Vault count percentage of total count
                 A         B        C        D         E       F
            +---------+---------+-------+---------+---------+-------
      Total |    3800 |    2942 |  43.6 |     125 |      23 |  15.5
            +---------+---------+-------+---------+---------+-------
        D:1 |      12 |      11 |  47.8 |       9 |       5 |  35.7
        D:2 |      39 |       2 |   4.9 |      16 |       1 |   5.9
        D:3 |      37 |       0 |   0.0 |      13 |       0 |   0.0
        D:4 |     152 |       2 |   1.3 |      16 |       1 |   5.9
        D:5 |     488 |     173 |  26.2 |      15 |       8 |  34.8
        D:6 |     667 |     164 |  19.7 |      13 |       1 |   7.1
        D:7 |     863 |     728 |  45.8 |      24 |       4 |  14.3
        D:8 |    1542 |    1862 |  54.7 |      19 |       3 |  13.6
            +---------+---------+-------+---------+---------+-------
